 Dungeon Crawl Stone Soup version 0.19.0-23-gf02e663 (webtiles) character file.

86 RKaid the Skirmisher (level 4, -11/61 HPs)
             Began as a Minotaur Fighter on Nov 19, 2016.
             Mangled by RKaid's ghost (14 damage)
             ... on level 3 of the Dungeon.
             The game lasted 00:03:25 (1331 turns).

RKaid the Skirmisher (Minotaur Fighter)             Turns: 1331, Time: 00:03:26

Health: -11/61     AC:  8    Str: 27    XL:     4   Next: 26%
Magic:  3/3        EV:  7    Int:  5    God:
Gold:   42         SH: 10    Dex:  9    Spells: 0 memorised, 3 levels left

rFire  . . .     SeeInvis .     a - +0 war axe
rCold  . . .     Gourm    .     b - +0 scale mail
rNeg   . . .     Faith    .     c - +0 shield
rPois  .         Spirit   .     (helmet restricted)
rElec  .         Reflect  .     (no cloak)
rCorr  .         Harm     .     (no gloves)
MR     .....                    g - +0 pair of boots (curse)
Stlth  ..........               (no amulet)
                                (no ring)
                                (no ring)

@: berserking, very quick
A: retaliatory headbutt, horns 2
a: no special abilities


You were on level 3 of the Dungeon.
You were hungry.

You visited 1 branch of the dungeon, and saw 3 of its levels.

You collected 42 gold pieces.

Inventory:

Hand Weapons
 a - a +0 war axe (weapon)
Missiles
 n - 5 javelins (quivered)
Armour
 b - a +0 scale mail (worn)
 c - a +0 shield (worn)
 g - a cursed +0 pair of boots (worn)
   (You found it on level 2 of the Dungeon)
Jewellery
 h - a cursed amulet of inaccuracy {unknown}
   (You found it on level 1 of the Dungeon)
Scrolls
 m - a scroll of identify {unknown}
 o - a scroll of immolation {unknown}
 q - a scroll of random uselessness {unknown}
Potions
 d - 3 potions of might
 k - a potion of curing
 l - a potion of resistance {unknown}
Comestibles
 f - 2 bread rations
 i - 5 chunks of flesh
 j - a beef jerky
 p - 2 fruits
 r - a meat ration


   Skills:
 + Level 4.6 Fighting
 + Level 3.3 Axes
 + Level 4.4 Armour
 + Level 4.2 Shields


You had 3 spell levels left.
You didn't know any spells.

Dungeon Overview and Level Annotations

Branches:
Dungeon (3/15)

Altars:
Dithmenos
Okawaru

Annotations:
D:3 RKaid's ghost, novice MiFi


Innate Abilities, Weirdness & Mutations

You reflexively headbutt those who attack you in melee.
You have a pair of horns on your head.


Message History

An orc is nearby!
The orc hits you with a trident of piercing.
A worm comes into view.
You hit the orc. The orc hits you but does no damage.
Your shield and scale mail prevent you from hitting the orc.
You headbutt the orc.
The orc hits you with a trident of piercing.
You hit the orc.
You kill the orc!
The worm bites you!
Things that are here:
a trident of piercing; an orc corpse Your shield prevents you from hitting the worm.
You headbutt the worm. You block the worm's attack.
You hit the worm. The worm bites you but does no damage.
You barely miss the worm. You hit the worm. The worm barely misses you.
You furiously retaliate!
You headbutt the worm. You hit the worm.
You kill the worm!
You see here a worm corpse.
You butcher the worm corpse.
i - 2 chunks of flesh
Things that are here:
a trident of piercing; an orc corpse You butcher the orc corpse.
i - 5 chunks of flesh (gained 3)
Things that are here:
a trident of piercing; an orc skeleton
r - a meat ration A giant cockroach comes into view.
A giant cockroach is nearby!
A giant cockroach is nearby!
Throwing (i - inventory):
n - 6 javelins (quivered)
Press: ? - help, Shift-Dir - straight line, f - giant cockroach
Aim: a giant cockroach (clinging)
You throw a javelin. The javelin hits the giant cockroach.
The giant cockroach bites you but does no damage.
You hit the giant cockroach. The giant cockroach bites you. x2
You hit the giant cockroach but do no damage.
You block the giant cockroach's attack.
You hit the giant cockroach.
You kill the giant cockroach!
No target in view!
n - 6 javelins (gained 1)
A bat comes into view.
A bat is nearby!
A bat is nearby!
A bat is nearby!
Throwing (i - inventory):
n - 6 javelins (quivered)
Press: ? - help, Shift-Dir - straight line, f - bat
Aim: a bat You throw a javelin.
The javelin barely misses the bat.
You block the bat's attack.
You hit the bat.
You kill the bat!
A goblin comes into view. It is wielding a club.
The goblin shouts!
Found a faded altar of an unknown god.
RKaid's ghost (novice Minotaur Fighter) comes into view.
RKaid's ghost turns its malevolent gaze towards you.
You see here a javelin.
Press: ? - help, v - describe, . - travel
Here: RKaid's ghost The floor.
Press: ? - help, v - describe, . - travel
Here: RKaid's ghost The floor.
You see here 17 arrows.
You slash the goblin!
You kill the goblin!
You closely miss RKaid's ghost.
RKaid's ghost hits you but does no damage.
RKaid's ghost hits you!
Your shield and scale mail prevent you from hitting RKaid's ghost.
You block RKaid's ghost's attack.
You are feeling hungry.
RKaid's ghost hits you!
* * * LOW HITPOINT WARNING * * *
RKaid's ghost screams, "You must not succeed where I failed!"
RKaid's ghost hits you.
* * * LOW HITPOINT WARNING * * *
You see here a stone.
There is an open door here.
You see here a stone.
RKaid's ghost shrieks, "Do you think the gods will protect you?"
Okay, then.
Really quaff
e - a potion of berserk rage {!q}? [Y]es or [N]o only, please.
Really quaff
e - a potion of berserk rage {!q}? [Y]es or [N]o only, please.
Really quaff
e - a potion of berserk rage {!q}? [Y]es or [N]o only, please.
Really quaff
e - a potion of berserk rage {!q}?
A red film seems to cover your vision as you go berserk!
You feel yourself moving faster!
You feel mighty! RKaid's ghost hits you!
* * * LOW HITPOINT WARNING * * *
You slice RKaid's ghost!! You headbutt RKaid's ghost! You slash RKaid's ghost!
RKaid's ghost hits you!
You die...

#.#.##.# ##.## #.#.## #......###
#.# #.#..# ###......# #.# #.##.#
######.# ##+## #.##.# #.#
##...## #..... ##########.#
##.....## ####.# #..........#
##.......## ###....
#.#####....###.........###...###
#.# #.......'.@W......((....# #
#.# ###....###.........###...###
#.# #......# ##....)..## ##.....
#.###.###.## ##.....## #.####
#.........# ##...## #.#
#.........# ##+## #.#
##.##.##.## #.# #.#
#.##.##.###### #.# #.#
#.##..<.....<# ##.## #.#


You could see RKaid's ghost.

Vanquished Creatures
  An adder (D:3)
  4 worms
  4 dart slugs (D:1)
  An orc (D:3)
  8 bats
  3 giant cockroaches
  8 goblins
  6 hobgoblins
  2 jackals (D:2)
  A quokka (D:2)
  6 frilled lizards
  4 kobolds
  8 rats
56 creatures vanquished.

Notes
Turn   | Place    | Note
-------+----------+-------------------------------------------
     0 | D:1      | RKaid the Minotaur Fighter began the quest for the Orb.
     0 | D:1      | Reached XP level 1. HP: 19/19 MP: 0/0
    99 | D:1      | Reached XP level 2. HP: 25/27 MP: 1/1
   151 | D:1      | Reached skill level 4 in Fighting
   224 | D:1      | Reached skill level 3 in Axes
   227 | D:1      | Found a shadowy altar of Dithmenos.
   254 | D:1      | Reached skill level 4 in Shields
   254 | D:1      | Reached XP level 3. HP: 30/33 MP: 2/2
   636 | D:1      | Found an iron altar of Okawaru.
   794 | D:2      | Reached skill level 4 in Armour
  1195 | D:3      | Reached XP level 4. HP: 41/41 MP: 3/3
  1275 | D:3      | Found a faded altar of an unknown god.
  1276 | D:3      | Noticed RKaid's ghost (novice MiFi)
  1300 | D:3      | HP: 9/41 [RKaid's ghost (9)]
  1319 | D:3      | HP: 6/41 [RKaid's ghost (6)]
  1329 | D:3      | HP: 3/61 [RKaid's ghost (7)]
  1331 | D:3      | Mangled by RKaid's ghost

Skill      XL: |  1  2  3 |
---------------+----------+-----
Fighting       | 4 |  4.6
Axes           | 3 |  3.3
Shields        | 4 |  4.2
Armour         | 4 |  4.4

Action                   |  1- 3 |  4- 6 || total
-------------------------+-------+-------++-------
Melee: War axe           |    91 |    17 ||   108
       Headbutt          |    15 |     3 ||    18
Throw: Javelin           |    13 |     2 ||    15
  Use: Potion            |     2 |     1 ||     3
       Scroll            |     1 |       ||     1
  Eat: Chunk             |     1 |       ||     1
Armor: Scale mail        |    29 |     3 ||    32
Dodge: Dodged            |    27 |     1 ||    28
Block: Shield            |    43 |     4 ||    47

Vault maps used:
D:1:      dpeg_arrival_water_altar, hangedman_abyss_or_decor_stabs,
          kennysheep_flooded_box, st_stairs_4, minmay_misc_feat_iff
D:2:      first_bread
D:3:      ecumenical_altar_2

Table legend:
 A = Turns spent in this place as a percentage of turns spent in the entire game.
 B = Non-inter-level travel turns spent in this place as a percentage of non-inter-level travel turns spent in the entire game.
 C = Inter-level travel turns spent in this place as a percentage of turns spent in this place.
 D = Turns resting spent in this place as a percentage of non-inter-level travel turns spent in this place.
 E = Turns spent auto-exploring this place as a percentage of non-inter-level travel turns spent in this place.
 F = Non-inter-level travel turns spent in this place divided by the number of levels of this place that you've seen.
                   A       B       C       D       E      F
               +-------+-------+-------+-------+-------+----------------------
         Total | 100.0 | 100.0 |   0.4 |   0.0 |  11.2 | 187.7
       Dungeon | 100.0 | 100.0 |   0.4 |   0.0 |  11.2 | 187.7
               +-------+-------+-------+-------+-------+----------------------

Table legend:
 A = Kills in this place as a percentage of kills in entire the game.
 B = Kills by you in this place as a percentage of kills by you in the entire game.
 C = Kills by friends in this place as a percentage of kills by friends in the entire game.
 D = Other kills in this place as a percentage of other kills in the entire game.
 E = Experience gained in this place as a percentage of experience gained in the entire game.
 F = Experience gained in this place divided by the number of levels of this place that you have seen.
                   A       B       C       D       E      F
               +-------+-------+-------+-------+-------+----------------------
         Total | 100.0 | 100.0 |  -nan |  -nan | 100.0 |  41.0
       Dungeon | 100.0 | 100.0 |  -nan |  -nan | 100.0 |  41.0
               +-------+-------+-------+-------+-------+----------------------
